 Dungeon Crawl Stone Soup version 0.28-a0-872-g80cf8599ee (webtiles) character file.

Game seed: 17069059099338231811

142759 ryw the Blocker (level 17, -10/157 HPs)
             Began as a Gnoll Fighter on Nov 20, 2021.
             Was the Champion of Ashenzari.
             Killed from afar by a nagaraja (28 damage)
             ... with a bolt of poison
             ... on level 4 of the Snake Pit on Nov 21, 2021.
             The game lasted 01:28:30 (26893 turns).

ryw the Blocker (Gnoll Fighter)                    Turns: 26893, Time: 01:28:31

Health: -10/157    AC: 22    Str: 30    XL:     17   Next: 36%
Magic:  39/40      EV: 29    Int: 10    God:    Ashenzari [******]
Gold:   1892       SH: 23    Dex: 16    Spells: 34/54 levels left

rFire   + + .      SeeInvis +   b - +6 double sword of Star-Bound Wisdom {flame, +Blink Str+4, Self, Comp} (curse)
rCold   + . .      Faith    .   Y - +2 tower shield "Servitude of Ashenzari" {rC+, Melee, Cun} (curse)
rNeg    . . .      Spirit   .   L - +3 ring mail "At What Cost Knowledge?" {rF++, Elem, Evo} (curse)
rPois   .          Reflect  .   J - +2 hood of the Assassin {Detection Stab+ Stlth++, Self, Cun} (curse)
rElec   .          Harm     .   j - +1 cloak of the Distant Sorrow {Melee, Comp} (curse)
rCorr   .          Rampage  +   H - +2 pair of gloves of the Oracular Vexation {Range, Comp} (curse)
Will    +....      Clarity  +   k - +0 pair of boots "Oscillating Fan" {Alch, Cun} (curse)
Stlth   ++++++++++              S - amulet "Mantic Syndicalism" {Rampage Regen+ Str+6, Self, Fort} (curse)
HPRegen 1.36/turn               o - ring of Ashenzari's Absolutism {EV+4, Cun, Self} (curse)
MPRegen 0.27/turn               q - ring of the Cursed Negligence {EV+4, Fort, Alch} (curse)

@: lethally poisoned (-10 -> -23)
A: fangs 1, strong nose, distributed training, talons 1, thin skeletal structure
1, strong 1
a: Renounce Religion, Evoke Blink, Shatter the Chains


You were on level 4 of the Snake Pit.
You worshipped Ashenzari.
Ashenzari was exalted by your worship.
You visited 4 branches of the dungeon, and saw 23 of its levels.
You also visited: Ossuary and Ice Cave.

You collected 4636 gold pieces.
You spent 2744 gold pieces at shops.

Inventory:

Hand Weapons
 b - the cursed +6 double sword of Star-Bound Wisdom (weapon) {flame, +Blink Str+4, Self, Comp}
   (You acquired it on level 3 of the Dungeon)

   It burns those it strikes, dealing additional fire damage.
   Big, fiery blades are also staple armaments of hydra-hunters.
   Str:       It affects your strength (+4).
   +Blink:    It lets you blink.
   It has a curse which improves the following skills: Introspection: Fighting
   and Spellcasting.
   Companions: Summonings and Necromancy.
 c - the +8 scimitar "Xailuoq" {vorpal, MP+9 Str+3 Int-2 Dex+3}
   (You found it on level 1 of the Snake Pit)

   It inflicts extra damage upon your enemies.
   Str:       It affects your strength (+3).
   Int:       It affects your intelligence (-2).
   Dex:       It affects your dexterity (+3).
   MP:        It affects your magic capacity (+9).
Missiles
 t - 2 throwing nets (quivered)
Armour
 j - the cursed +1 cloak of the Distant Sorrow (worn) {Melee, Comp}
   (You found it on level 2 of the Dungeon)

   It has a curse which improves the following skills: Melee Combat: Short
   Blades, Long Blades, Axes, Maces & Flails, Polearms, Staves and Unarmed
   Combat.
   Companions: Summonings and Necromancy.
 k - the cursed +0 pair of boots "Oscillating Fan" (worn) {Alch, Cun}
   (You found it on level 2 of the Dungeon)

   It has a curse which improves the following skills: Alchemy: Poison Magic and
   Transmutations.
   Cunning:   Dodging and Stealth.
 H - the cursed +2 pair of gloves of the Oracular Vexation (worn) {Range, Comp}
   (You found it on level 8 of the Dungeon)

   It has a curse which improves the following skills: Ranged Combat: Slings,
   Bows, Crossbows and Throwing.
   Companions: Summonings and Necromancy.
 J - the cursed +2 hood of the Assassin (worn) {Detection Stab+ Stlth++, Self, Cun}
   (You bought it in a shop on level 2 of the Orcish Mines)

   It allows the wearer to sense nearby creatures.
   It allows the wearer to make particularly effective stabbing attacks against
   helpless or unaware enemies with any weapon.
   Stlth:     It makes you much more stealthy.
   It has a curse which improves the following skills: Introspection: Fighting
   and Spellcasting.
   Cunning:   Dodging and Stealth.
 L - the cursed +3 ring mail "At What Cost Knowledge?" (worn) {rF++, Elem, Evo}
   (You found it on level 1 of the Lair of Beasts)

   rF:        It greatly protects you from fire.
   It has a curse which improves the following skills: Elements: Fire Magic, Ice
   Magic, Air Magic and Earth Magic.
   Evocations: Evocations.
 Y - the cursed +2 tower shield "Servitude of Ashenzari" (worn) {rC+, Melee, Cun}
   (You found it in an ice cave)

   It has a curse which improves the following skills: Melee Combat: Short
   Blades, Long Blades, Axes, Maces & Flails, Polearms, Staves and Unarmed
   Combat.
   Cunning:   Dodging and Stealth.
Jewellery
 o - the cursed ring of Ashenzari's Absolutism (left hand) {EV+4, Cun, Self}
   (You found it on level 3 of the Dungeon)

   [ring of evasion]

   EV:        It affects your evasion (+4).
   It has a curse which improves the following skills: Cunning: Dodging and
   Stealth.
   Introspection: Fighting and Spellcasting.
 q - the cursed ring of the Cursed Negligence (right hand) {EV+4, Fort, Alch}
   (You found it on level 4 of the Dungeon)

   [ring of evasion]

   EV:        It affects your evasion (+4).
   It has a curse which improves the following skills: Fortitude: Armour and
   Shields.
   Alchemy:   Poison Magic and Transmutations.
 S - the cursed amulet "Mantic Syndicalism" (around neck) {Rampage Regen+ Str+6, Self, Fort}
   (You bought it in a shop on level 1 of the Snake Pit)

   [amulet of regeneration]

   Str:       It affects your strength (+6).
   Regen:     It increases your rate of health regeneration.
   Rampage:   It bestows one free step when moving towards enemies.
   It has a curse which improves the following skills: Introspection: Fighting
   and Spellcasting.
   Fortitude: Armour and Shields.
 Z - a ring of poison resistance
Wands
 l - a wand of paralysis (10)
 s - a wand of acid (5)
 G - a wand of mindburst (15)
 M - a wand of iceblast (12)
 N - a wand of digging (21)
 Q - a wand of charming (13)
Scrolls
 a - 2 scrolls of summoning
 g - 6 scrolls of amnesia
 h - 2 scrolls of immolation
 i - a scroll of holy word
 m - 3 scrolls of fear
 p - a scroll of blinking
 u - 7 scrolls of fog
 x - 2 scrolls of brand weapon
 K - 2 scrolls of magic mapping
 P - 5 scrolls of enchant weapon
 U - a scroll of silence
 V - 3 scrolls of enchant armour
 W - 4 scrolls of teleportation
Potions
 d - a potion of berserk rage
 e - 7 potions of attraction
 f - a potion of cancellation
 n - 3 potions of brilliance
 r - a potion of flight
 v - 3 potions of magic
 w - 4 potions of haste
 z - a potion of heal wounds
 C - 15 potions of curing
 D - 2 potions of invisibility
 I - 13 potions of ambrosia
 O - 4 potions of resistance
 T - 4 potions of mutation


   Skills:
 + Level 13.2(20.7) Fighting
 + Level 11.6(16.3) Short Blades
 + Level 11.6(16.3) Long Blades
 + Level 12.4(17.1) Axes
 + Level 11.6(16.3) Maces & Flails
 + Level 11.6(16.3) Polearms
 + Level 11.6(16.3) Staves
 + Level 11.6(14.6) Slings
 + Level 11.6(14.6) Bows
 + Level 11.6(14.6) Crossbows
 + Level 11.6(14.6) Throwing
 + Level 13.2(17.9) Armour
 + Level 11.6(19.1) Dodging
 + Level 11.6(19.1) Stealth
 + Level 13.2(17.9) Shields
 + Level 11.6(16.3) Unarmed Combat
 + Level 11.6(19.1) Spellcasting
 + Level 9.8 Conjurations
 + Level 9.8 Hexes
 + Level 9.8(15.9) Summonings
 + Level 9.8(15.9) Necromancy
 + Level 9.8 Translocations
 + Level 9.8(14.5) Transmutations
 + Level 9.8(12.9) Fire Magic
 + Level 9.8(12.9) Ice Magic
 + Level 9.8(12.9) Air Magic
 + Level 9.8(12.9) Earth Magic
 + Level 9.8(14.5) Poison Magic
 + Level 12.6 Invocations
 + Level 11.6(14.6) Evocations


You had 34 spell levels left.
You knew the following spells:

 Your Spells              Type           Power      Damage    Failure   Level
a - Animate Armour        Summ/Erth      76%        N/A       1%          4
b - Summon Hydra          Summ           20%        N/A       21%         7
c - Call Canine Familiar  Summ           41%        N/A       1%          3
d - Summon Guardian Gole  Hex/Summ       35%        N/A       1%          3
e - Swiftness             Air            35%        N/A       1%          3

Your spell library contained the following spells:

 Spells                   Type           Power      Damage    Failure   Level
 Apportation              Tloc           58%        N/A       1%          1
 Sting                    Tmut/Pois      100%       1d8       1%          1
 Summon Small Mammal      Summ           100%       N/A       1%          1
 Passwall                 Tmut/Erth      30%        N/A       1%          2
 Sublimation of Blood     Necr           41%        N/A       1%          2
 Wereblood                Tmut           38%        N/A       1%          2
 Ozocubu's Armour         Ice            35%        N/A       1%          3
 Stone Arrow              Conj/Erth      64%        3d11      1%          3
 Hailstorm                Conj/Ice       32%        3d8       1%          4
 Ice Form                 Ice/Tmut       37%        N/A       1%          4
 Leda's Liquefaction      Hex/Erth       16%        N/A       1%          4
 Alistair's Intoxication  Tmut/Pois      25%        N/A       1%          5
 Blade Hands              Tmut           19%        N/A       1%          5
 Lee's Rapid Deconstruct  Erth           17%        3d12*     2%          5
 Irradiate                Conj/Tmut      16%        3d18      3%          5
 Simulacrum               Ice/Necr       19%        N/A       7%          6
 Statue Form              Tmut/Erth      24%        N/A       9%          6
 Dragon Form              Tmut           19%        N/A       34%         7
 Lehudib's Crystal Spear  Conj/Erth      16%        10d5      100%        8


Dungeon Overview and Level Annotations

Branches:
Dungeon (11/15)            Temple (0/1) D:7            Lair (6/6) D:11
 Shoals (0/4) Lair:4        Snake (4/4) Lair:3        Slime (0/5) Lair:5
    Orc (2/2) D:9             Elf (0/3) Orc:2       Ossuary (visited)
  IceCv (visited)

Altars:
Ashenzari
Wu Jian
Xom
Zin
Beogh
Jiyva

Shops:
Orc:2 !:=*[*   Snake:1 ?=!!   Snake:2 [

Portals:
Pandemonium: Orc:2

Annotations:
D:4 2 transporters, snackwell's ghost, amateur OpVM
D:6 2 transporters, horus123's ghost, novice HOBe
Lair:2 2 transporters
Snake:2 2 transporters, Kuasaner's ghost, adept GrFi


Innate Abilities, Weirdness & Mutations

You have very sharp teeth.
Your uncanny sense of smell can sniff out nearby items.
Your experience applies equally to all skills.
You have sharp toenails.
You have a somewhat thin skeletal structure. (Dex +2, Stealth+)
Your muscles are strong. (Str +2)


Message History

The fiery explosion engulfs you! You resist. The naga spits poison at you.
You block the splash of poison.
You hear a shout!
You hear an angry hiss.
You hear a shout! x4
There is a large open door, spattered with blood here.
Things that are here:
a +0 spear; a +0 robe; a naga corpse Unknown command.
The nagaraja is engulfed in blazing flames.
The nagaraja casts a spell at you. The bolt of poison hits you!!!
You are poisoned.
You feel very sick.
A shock serpent comes into view.
The nagaraja is engulfed in blazing flames.
Things that are here:
a +0 battleaxe; a +0 robe You feel sick.
You feel sick.
The shock serpent shoots out a bolt of lightning at you!
The bolt of electricity hits you!! The bolt of electricity hits you!
There is an open door here.
You slice the shock serpent!! You burn the shock serpent!
The shock serpent is almost dead.
The shock serpent's electric aura discharges violently, shocking you!
You feel sick. The nagaraja spits poison at you.
You block the splash of poison. The shock serpent bites you.
The shock serpent shocks you!
* * * LOW HITPOINT WARNING * * *
You miss the shock serpent. You bite the shock serpent.
The shock serpent is almost dead.
You feel sick. The shock serpent bites you!
* * * LOW HITPOINT WARNING * * *
The shock serpent shocks you!
* * * LOW HITPOINT WARNING * * *
The nagaraja points at you and mumbles some strange words.
The bolt of poison hits you!!
You are more poisoned.
You die...

,, *
....####.).....###.##..###≈ , *
*#...###.......###).#..#S.# * ,
, ##...##)###...####.#..#..# ,
, .##..§#§###...####....###. {
, ...##..÷.###...#####)...#N#
{{,....##..N.###...#####....##.
{, ...##N.{#.###...######....#
* .{##...##.###)..######.#### ,
#..##...##.÷)N@)..######.#### {
,
*#.{...###.####S..######.#...*
.......####.####...### #.# ****
......#####.####...### #.# ,,
,##...######.####...### #.# **
* *#..N#######.####...### , *,*
*...# #.#**#...# *, * ..# #..
....# * ,* {.#* #.., ....# ,*,
*,


You could see a nagaraja (fast, curare, catching breath), a naga ritualist
(curare) and a shock serpent.

Vanquished Creatures
  A nagaraja (Snake:4)
  Donald (Orc:2)
  A reaper (IceCv)
  An ettin (D:11)
  Josephine (Snake:1)
  3 salamander tyrants
  7 hydras
  8 naga warriors
  2 demonspawn (Orc:2)
  4 boulder beetles
  A catoblepas (Lair:3)
  10 anacondas
  The ghost of lillianthurber the Cruncher, a novice TrFi of Makhleb (D:9)
  A death knight (D:11)
  3 centaur warriors
  Erica (D:8)
  10 two-headed ogres
  3 death yaks (D:11)
  3 orc high priests (Orc:2)
  8 naga sharpshooters
  7 shock serpents
  The ghost of meatgazer the Distorting Demonspawn, a novice DsAK of Lugonu (D:8)
  A salamander mystic (Snake:1)
  4 naga ritualists
  A lindwurm (Lair:6)
  5 orc sorcerers
  4 orc knights
  A nameless horror (IceCv)
  A wolf spider (Lair:2)
  10 mana vipers
  An ugly thing (D:11)
  9 salamanders
  2 cyclopes
  An ice statue (IceCv)
  5 guardian serpents
  5 elephants (Lair:5)
  A torpor snail (Lair:6)
  An orange demon (Orc:2)
  36 black mambas
  18 cane toads
  10 naga magi
  A kobold demonologist (D:11)
  8 komodo dragons
  3 rime drakes
  2 ice devils
  3 anaconda simulacra (IceCv)
  An entropy weaver simulacrum (IceCv)
  A tengu conjurer (D:11)
  2 queen bees
  8 hornets
  4 polar bears
  A hornet (shapeshifter) (D:9)
  8 trolls
  17 blink frogs
  8 dream sheep
  A dream sheep (shapeshifter) (D:10)
  A centaur simulacrum (D:11)
  16 spriggans
  Sigmund (D:4)
  A shadow (D:11)
  5 wraiths
  3 wyverns
  A basilisk (Lair:4)
  37 yaks
  Grum (D:8)
  3 death yak simulacra
  3 wargs
  2 steam dragons
  6 vampire mosquitoes
  24 nagas
  3 acid dragons
  15 water moccasins
  24 orc warriors
  An ice beast (D:5)
  2 sky beasts
  6 black bears
  5 centaurs
  9 ogres
  3 boggarts (Lair:6)
  2 necrophages
  2 phantoms (D:6)
  28 wolves
  2 kobold brigands
  A gnoll sergeant (D:11)
  2 scorpions
  7 bullfrogs
  4 two-headed ogre simulacra (IceCv)
  3 wyvern skeletons (D:7)
  2 elephant simulacra
  47 killer bees
  An electric eel (Lair:4)
  3 howler monkeys
  A bullfrog zombie (D:5)
  5 centaur zombies
  A gnoll shaman (D:10)
  3 hounds
  2 jellies
  25 orc priests
  A centaur skeleton (D:5)
  A scorpion zombie (D:5)
  An iguana (D:5)
  Natasha (D:4)
  25 orc wizards
  2 spriggan simulacra (IceCv)
  3 polar bear simulacra
  A wolf simulacrum (IceCv)
  7 troll simulacra (IceCv)
  9 mummies
  A hound skeleton (D:5)
  3 howler monkey zombies
  5 adders
  8 naga simulacra (IceCv)
  A howler monkey skeleton (D:7)
  2 river rats (D:11)
  7 white imps
  2 ufetubi (IceCv)
  A worm (D:2)
  4 dart slugs
  119 orcs
  2 bats
  3 endoplasms
  5 giant cockroaches
  5 goblins
  8 hobgoblins
  4 jackals (D:4)
  4 quokkas
  5 ball pythons
  2 frilled lizards
  5 hobgoblin zombies
  16 kobolds
  2 kobold zombies (Ossuary)
  3 orc zombies
  3 rats
846 creatures vanquished.

Vanquished Creatures (collateral kills)
  Harold (Lair:2)
  2 orc high priests (Orc:2)
  A shock serpent (Snake:3)
  A naga ritualist (Snake:4)
  2 mana vipers
  A wolf spider (Lair:2)
  3 salamanders
  A guardian serpent (Snake:4)
  A smoke demon (Orc:2)
  2 black mambas
  A cane toad (Lair:2)
  A komodo dragon (Lair:3)
  A troll (Orc:2)
  A blink frog (Lair:5)
  A dream sheep (Lair:6)
  2 yaks
  A wraith (Snake:1)
  A basilisk (Lair:2)
  3 orc warriors
  2 black bears (Lair:6)
  2 ogres (Orc:2)
  4 wolves
  A two-headed ogre simulacrum (IceCv)
  2 elephant simulacra (IceCv)
  3 orc priests (Orc:2)
  2 orc wizards
  2 spriggan simulacra (IceCv)
  2 naga simulacra (IceCv)
  A white imp (IceCv)
  An ufetubus (IceCv)
  13 orcs
62 creatures vanquished.

Vanquished Creatures (others)
  2 naga warriors (Snake:3)
  A naga ritualist (Snake:4)
  An orc knight (Orc:2)
  2 orc sorcerers (Orc:2)
  3 nagas
  3 orc warriors (Orc:2)
  34 fungi
  78 plants
124 creatures vanquished.

Grand Total: 1032 creatures vanquished

Notes
Turn   | Place    | Note
-------+----------+-------------------------------------------
     0 | D:1      | ryw the Gnoll Fighter began the quest for the Orb.
     0 | D:1      | Reached XP level 1. HP: 23/23 MP: 1/1
    89 | D:1      | Found a faded altar of an unknown god.
   109 | D:1      | Prayed at the altar of an unknown god.
   109 | D:1      | Became a worshipper of Ashenzari the Shackled
   300 | D:1      | Reached XP level 2. HP: 29/29 MP: 2/2
  1263 | D:2      | Reached XP level 3. HP: 17/35 MP: 3/3
  1731 | D:2      | Reached skill level 1 in Invocations
  2212 | D:3      | Reached skill level 1 in Short Blades
  2212 | D:3      | Reached skill level 1 in Long Blades
  2212 | D:3      | Reached skill level 1 in Maces & Flails
  2212 | D:3      | Reached skill level 1 in Polearms
  2212 | D:3      | Reached skill level 1 in Staves
  2212 | D:3      | Reached skill level 1 in Slings
  2212 | D:3      | Reached skill level 1 in Bows
  2212 | D:3      | Reached skill level 1 in Crossbows
  2212 | D:3      | Reached skill level 1 in Throwing
  2212 | D:3      | Reached skill level 1 in Dodging
  2212 | D:3      | Reached skill level 1 in Stealth
  2212 | D:3      | Reached skill level 1 in Unarmed Combat
  2212 | D:3      | Reached skill level 1 in Spellcasting
  2212 | D:3      | Reached skill level 1 in Evocations
  2381 | D:3      | Reached * piety under Ashenzari
  2381 | D:3      | Identified a scroll of acquirement
  2382 | D:3      | Acquired the +6 double sword "Facaurot" {flame, +Blink
                  | Str+4}
  2404 | D:3      | Reached XP level 4. HP: 43/43 MP: 6/6
  2896 | D:4      | Reached ** piety under Ashenzari
  2993 | D:4      | Noticed a scorpion
  2999 | D:4      | Killed a scorpion
  3000 | D:4      | Reached skill level 1 in Conjurations
  3000 | D:4      | Reached skill level 1 in Hexes
  3000 | D:4      | Reached skill level 1 in Summonings
  3000 | D:4      | Reached skill level 1 in Necromancy
  3000 | D:4      | Reached skill level 1 in Translocations
  3000 | D:4      | Reached skill level 1 in Transmutations
  3000 | D:4      | Reached skill level 1 in Fire Magic
  3000 | D:4      | Reached skill level 1 in Ice Magic
  3000 | D:4      | Reached skill level 1 in Air Magic
  3000 | D:4      | Reached skill level 1 in Earth Magic
  3000 | D:4      | Reached skill level 1 in Poison Magic
  3000 | D:4      | Reached XP level 5. HP: 45/49 MP: 8/8
  3039 | D:4      | Noticed Sigmund
  3043 | D:4      | Killed Sigmund
  3044 | D:4      | Reached skill level 5 in Axes
  3044 | D:4      | Reached XP level 6. HP: 57/57 MP: 8/10
  3271 | D:4      | Found a transporter.
  3271 | D:4      | Noticed snackwell's ghost (amateur OpVM)
  3277 | D:4      | Noticed Natasha
  3282 | D:4      | Killed Natasha
  3296 | D:4      | Found a transporter.
  3615 | D:4      | Reached XP level 7. HP: 63/63 MP: 12/12
  4172 | D:5      | Entered Level 5 of the Dungeon
  4535 | D:5      | Reached XP level 8. HP: 69/69 MP: 14/14
  4662 | D:6      | Found a shimmering altar of Xom.
  4708 | D:6      | Found a transporter.
  4714 | D:6      | Noticed horus123's ghost (novice HOBe)
  4735 | D:6      | Found a transporter.
  5520 | D:7      | Reached XP level 9. HP: 78/78 MP: 17/17
  5736 | D:7      | Found a staircase to the Ecumenical Temple.
  6338 | D:8      | Reached skill level 5 in Invocations
  6365 | D:8      | Noticed Erica
  6372 | D:8      | Killed Erica
  6373 | D:8      | Reached skill level 5 in Short Blades
  6373 | D:8      | Reached skill level 5 in Long Blades
  6373 | D:8      | Reached skill level 5 in Maces & Flails
  6373 | D:8      | Reached skill level 5 in Polearms
  6373 | D:8      | Reached skill level 5 in Staves
  6373 | D:8      | Reached skill level 5 in Slings
  6373 | D:8      | Reached skill level 5 in Bows
  6373 | D:8      | Reached skill level 5 in Crossbows
  6373 | D:8      | Reached skill level 5 in Throwing
  6373 | D:8      | Reached skill level 5 in Dodging
  6373 | D:8      | Reached skill level 5 in Stealth
  6373 | D:8      | Reached skill level 5 in Unarmed Combat
  6373 | D:8      | Reached skill level 5 in Spellcasting
  6373 | D:8      | Reached skill level 5 in Evocations
  6373 | D:8      | Reached XP level 10. HP: 75/86 MP: 20/20
  6429 | D:8      | Noticed Grum
  6443 | D:8      | Killed Grum
  6506 | D:8      | Found a runed translucent door.
  6509 | D:8      | Noticed meatgazer's ghost (novice DsAK)
  6632 | D:8      | Found a sand-covered staircase.
  6683 | Ossuary  | Entered an ossuary
  7240 | D:8      | Killed meatgazer's ghost
  7379 | D:9      | Noticed a centaur warrior
  7404 | D:9      | Noticed a boulder beetle
  7418 | D:10     | Entered Level 10 of the Dungeon
  7464 | D:10     | Noticed a two-headed ogre
  7468 | D:10     | Reached XP level 11. HP: 93/93 MP: 23/23
  7472 | D:10     | Killed a two-headed ogre
  7537 | D:10     | Noticed a manticore
  7587 | D:10     | Noticed a shock serpent
  7610 | D:9      | Noticed a centaur warrior
  7615 | D:9      | Killed a centaur warrior
  7616 | D:9      | Reached skill level 5 in Conjurations
  7616 | D:9      | Reached skill level 5 in Hexes
  7616 | D:9      | Reached skill level 5 in Summonings
  7616 | D:9      | Reached skill level 5 in Necromancy
  7616 | D:9      | Reached skill level 5 in Translocations
  7616 | D:9      | Reached skill level 5 in Transmutations
  7616 | D:9      | Reached skill level 5 in Fire Magic
  7616 | D:9      | Reached skill level 5 in Ice Magic
  7616 | D:9      | Reached skill level 5 in Air Magic
  7616 | D:9      | Reached skill level 5 in Earth Magic
  7616 | D:9      | Reached skill level 5 in Poison Magic
  7619 | D:9      | Noticed a boulder beetle
  7671 | D:9      | Killed a boulder beetle
  7687 | D:9      | Noticed a cyclops
  7692 | D:9      | Killed a cyclops
  7845 | D:9      | Killed a boulder beetle
  7854 | D:9      | Killed a centaur warrior
  8119 | D:9      | Found a staircase to the Orcish Mines.
  8349 | D:9      | Found a runed translucent door.
  8352 | D:9      | Noticed lillianthurber's ghost (novice TrFi)
  8629 | D:9      | Killed lillianthurber's ghost
  8832 | D:10     | Reached *** piety under Ashenzari
  8842 | D:10     | Noticed a glowing orange brain
  8855 | D:10     | a glowing orange brain changed into a dream sheep
  8904 | D:10     | Found an ornate altar of the Wu Jian Council.
  8904 | D:10     | Noticed a centaur warrior
  8904 | D:10     | Noticed a boulder beetle
  8911 | D:10     | Killed a centaur warrior
  8933 | D:10     | Killed a boulder beetle
  8934 | D:10     | Reached XP level 12. HP: 11/105 MP: 26/26
  9087 | D:10     | Noticed a two-headed ogre
  9094 | D:10     | Killed a two-headed ogre
  9123 | D:10     | Noticed a two-headed ogre
  9136 | D:10     | Killed a two-headed ogre
  9438 | D:11     | Noticed a death yak
  9440 | D:11     | Noticed a death yak
  9457 | D:11     | Killed a death yak
  9481 | D:11     | Found a staircase to the Lair.
  9489 | D:11     | Noticed a death yak
  9503 | D:11     | Killed a death yak
  9506 | D:11     | Killed a death yak
  9659 | D:11     | Reached **** piety under Ashenzari
  9686 | D:11     | Noticed a two-headed ogre
  9693 | D:11     | Killed a two-headed ogre
  9694 | D:11     | Reached skill level 10 in Fighting
  9694 | D:11     | Reached skill level 10 in Armour
  9694 | D:11     | Reached skill level 10 in Shields
  9719 | D:11     | Noticed an ettin
  9726 | D:11     | Killed an ettin
  9935 | D:11     | Noticed a two-headed ogre
  9939 | D:11     | Killed a two-headed ogre
 10035 | D:11     | Noticed a two-headed ogre
 10043 | D:11     | Killed a two-headed ogre
 10103 | D:11     | Acquired 805 gold pieces
 10310 | D:11     | Reached XP level 13. HP: 115/115 MP: 29/29
 10932 | Lair:1   | Entered Level 1 of the Lair of Beasts
 10945 | Lair:1   | Identified the +3 ring mail of Impatience {rF++}
 11602 | Lair:1   | Learned a level 4 spell: Animate Armour
 11784 | Lair:2   | Found a transporter.
 12000 | Lair:2   | Noticed Harold
 12013 | Lair:2   | Killed Harold
 12407 | Lair:2   | Found a transporter.
 12407 | Lair:2   | Identified the amulet of Doubts {Faith Str+3}
 12540 | Lair:2   | Reached ***** piety under Ashenzari
 12747 | Lair:3   | Identified the +6 scale mail of Ittokk {Rampage Drain rC+
                  | rCorr}
 12833 | Lair:3   | Learned a level 7 spell: Summon Hydra
 12853 | Lair:3   | Reached skill level 10 in Axes
 12857 | Lair:3   | Reached XP level 14. HP: 92/126 MP: 28/32
 13264 | Lair:3   | Found a staircase to the Snake Pit.
 13970 | Lair:4   | Identified the Catalogue of Glacial Transformation
 14130 | Lair:4   | Found a staircase to the Shoals.
 14628 | Lair:4   | Reached skill level 10 in Invocations
 15055 | Lair:5   | Found a frozen archway.
 15085 | IceCv    | Entered an ice cave
 16466 | IceCv    | Noticed a reaper
 16482 | IceCv    | Killed a reaper
 16811 | Lair:5   | Found a viscous altar of Jiyva.
 16813 | Lair:5   | Found a staircase to the Slime Pits.
 17170 | Lair:6   | Entered Level 6 of the Lair of Beasts
 17519 | Lair:6   | Acquired 1125 gold pieces
 17591 | Lair:6   | Reached XP level 15. HP: 134/134 MP: 29/34
 18367 | Lair:6   | Reached skill level 10 in Short Blades
 18367 | Lair:6   | Reached skill level 10 in Long Blades
 18367 | Lair:6   | Reached skill level 10 in Maces & Flails
 18367 | Lair:6   | Reached skill level 10 in Polearms
 18367 | Lair:6   | Reached skill level 10 in Staves
 18367 | Lair:6   | Reached skill level 10 in Slings
 18367 | Lair:6   | Reached skill level 10 in Bows
 18367 | Lair:6   | Reached skill level 10 in Crossbows
 18367 | Lair:6   | Reached skill level 10 in Throwing
 18367 | Lair:6   | Reached skill level 10 in Dodging
 18367 | Lair:6   | Reached skill level 10 in Stealth
 18367 | Lair:6   | Reached skill level 10 in Unarmed Combat
 18367 | Lair:6   | Reached skill level 10 in Spellcasting
 18367 | Lair:6   | Reached skill level 10 in Evocations
 18999 | Orc:1    | Entered Level 1 of the Orcish Mines
 19370 | Orc:2    | Entered Level 2 of the Orcish Mines
 19370 | Orc:2    | Found a staircase to the Elven Halls.
 20137 | Orc:2    | Noticed Donald
 20154 | Orc:2    | Killed Donald
 20609 | Orc:2    | Found Notof's Distillery.
 20733 | Orc:2    | Learned a level 3 spell: Call Canine Familiar
 20737 | Orc:2    | Learned a level 3 spell: Summon Guardian Golem
 20741 | Orc:2    | Learned a level 3 spell: Swiftness
 20802 | Orc:2    | Found Luvis's General Store.
 20806 | Orc:2    | Found Zet Zuph's General Store.
 21039 | Orc:2    | Found Suubb's Antique Armour Shoppe.
 21819 | Orc:2    | Found a one-way gate leading to the halls of Pandemonium.
 21821 | Orc:2    | Found Leip's Jewellery Emporium.
 21906 | Orc:2    | Bought the +2 hood of the Assassin {Detection Stab+
                  | Stlth++} for 2100 gold pieces
 21906 | Orc:2    | Found the +2 hood of the Assassin {Detection Stab+ Stlth++}
 22070 | Orc:2    | Found Ixkasu's Self-Improvement Boutique.
 22423 | Snake:1  | Entered Level 1 of the Snake Pit
 22435 | Snake:1  | Found Tiudefro's Distillery.
 22435 | Snake:1  | Found Niuwkom's Magic Scroll Boutique.
 22436 | Snake:1  | Found Ebuylu's Distillery.
 22438 | Snake:1  | Found Irghus's Jewellery Boutique.
 22453 | Snake:1  | Bought the amulet of Hard Scrabble {Rampage Regen+ Str+6}
                  | for 644 gold pieces
 22505 | Snake:1  | Reached XP level 16. HP: 75/138 MP: 28/34
 22581 | Snake:1  | Noticed Josephine
 22589 | Snake:1  | Killed Josephine
 23082 | Snake:1  | Identified the +8 scimitar "Xailuoq" {vorpal, MP+9 Str+3
                  | Int-2 Dex+3}
 23780 | Snake:2  | Found a glowing silver altar of Zin.
 23793 | Snake:2  | Found a transporter.
 23806 | Snake:2  | Noticed Kuasaner's ghost (adept GrFi)
 23812 | Snake:2  | Found a transporter.
 23860 | Snake:2  | Found Riotu's Armour Shop.
 24998 | Snake:3  | Reached ****** piety under Ashenzari
 25815 | Snake:4  | Entered Level 4 of the Snake Pit
 26021 | Snake:4  | Reached XP level 17. HP: 134/156 MP: 39/39
 26612 | Snake:4  | Gained mutation: You have sharp toenails. [potion of
                  | mutation]
 26612 | Snake:4  | Gained mutation: Your muscles are strong. (Str +2) [potion
                  | of mutation]
 26612 | Snake:4  | Gained mutation: You have a somewhat thin skeletal
                  | structure. (Dex +2, Stealth+) [potion of mutation]
 26893 | Snake:4  | Killed from afar by a nagaraja

Illustrated notes

Levels and vault maps discovered:
D:1:      ncdulo_smallfort, layout_basic, ebering_ecumenical_altar_hall,
          serial_forest, infiniplex_forest_lined_2,
          infiniplex_forest_clump_tiny, infiniplex_forest_lined_corner,
          infiniplex_forest_clump_tiny, infiniplex_forest_join,
          infiniplex_forest_straight_2, infiniplex_forest_straight_2
D:2:      layout_loops_ring, serial_aquarium, aquarium_bridge_square
          [aquarium_subvault_bridge, aquarium_subvault_balcony,
          aquarium_subvault_bridge, aquarium_subvault_balcony],
          aquarium_bridge_straight [aquarium_subvault_bridge,
          aquarium_subvault_wall, aquarium_subvault_bridge,
          aquarium_subvault_window], aquarium_window_1, aquarium_window_fake,
          aquarium_view_2e, aquarium_view_2b, aquarium_balcony_3a,
          aquarium_pool_side
D:3:      layout_basic
D:4:      layout_layer_cave, gammafunk_ghost_stat_death, hangedman_decor_lopped,
          minmay_misc_feat_square, hangedman_decor_peaks_small, uniq_sigmund,
          uniq_natasha
D:5:      layout_cave_pools
D:6:      layout_loops_ring, lemuel_tele_altar, gammafunk_ghost_arena
D:7:      layout_cave_pods, temple_statues
D:8:      layout_basic, ebering_ghost_reflecting_pool,
          nicolae_ossuary_entry_giza, kennysheep_generic_room_14, uniq_erica,
          uniq_grum
D:9:      minmay_curly_fans, layout_loops_ring, hiddenorc2_lemuel,
          hellmonk_ghost_happy_afterlife, special_room [special_room_orc]
D:10:     layout_rooms, minmay_ruined_shrine
D:11:     regret_index_wax_grids, layout_basic, dpeg_lair_monsters,
          kennysheep_just_a_vault
Lair:1:   layout_roguey [special_room_bee]
Lair:2:   gammafunk_worm_tunnel, layout_hall_layers,
          nicolae_lair_run_with_the_wolves, uniq_harold
Lair:3:   layout_hall_layers, minmay_snake_entry_six_corridors,
          chequers_serial_rivers_micro_a, hangedman_lair_generics_rect
Lair:4:   layout_roguey, shoals_dummy_entry, minivault_24, hibernation_bobbens,
          serial_bayou_shore_a, serial_bayou_shore_b
Lair:5:   layout_loops_ring, slime_altar_1, portal_ice_cave_entry_ice_simulacra,
          minivault_23, nicolae_lair_grove_arrangements, beast_lair_carwin_11
Lair:6:   minmay_lair_end_enchanted_forest, layout_gridlike
Snake:1:  layout_onion_interference, minmay_shoptagon, uniq_josephine
Snake:2:  layout_honeycomb, gammafunk_ghost_arena, basic_altar, serial_shops,
          nicolae_stop_n_shop_1
Snake:3:  layout_chambers, grunt_megastairs_1
Snake:4:  johnstein_snake_rune_scales, layout_basic, st_stairs_14,
          nicolae_snake_scaly_snakehead
Orc:1:    layout_diamond_mine, library_closet, nicolae_orc_sculptors_studio,
          nicolae_orc_bridge_out
Orc:2:    pf_orc_diabolical, layout_caves, basic_altar, serial_shops, shop,
          nicolae_shop_self_help, uniq_donald

Skill      XL: |  1  2  3  4  5  6  7  8  9 10 11 12 13 14 15 16 |
---------------+-------------------------------------------------+-----
Invocations    | 1 2 3 4 5 6 7 8 9 10 11 12 | 12.6
Short Blades   | 1 2 3 5 6 7 8 9 10 11 | 11.6
Long Blades    | 1 2 3 5 6 7 8 9 10 11 | 11.6
Maces & Flails | 1 2 3 5 6 7 8 9 10 11 | 11.6
Polearms       | 1 2 3 5 6 7 8 9 10 11 | 11.6
Staves         | 1 2 3 5 6 7 8 9 10 11 | 11.6
Slings         | 1 2 3 5 6 7 8 9 10 11 | 11.6
Bows           | 1 2 3 5 6 7 8 9 10 11 | 11.6
Crossbows      | 1 2 3 5 6 7 8 9 10 11 | 11.6
Throwing       | 1 2 3 5 6 7 8 9 10 11 | 11.6
Dodging        | 1 2 3 5 6 7 8 9 10 11 | 11.6
Stealth        | 1 2 3 5 6 7 8 9 10 11 | 11.6
Unarmed Combat | 1 2 3 5 6 7 8 9 10 11 | 11.6
Spellcasting   | 1 2 3 5 6 7 8 9 10 11 | 11.6
Evocations     | 1 2 3 5 6 7 8 9 10 11 | 11.6
Conjurations   | 1 2 3 4 5 6 7 8 9 |  9.8
Hexes          | 1 2 3 4 5 6 7 8 9 |  9.8
Summonings     | 1 2 3 4 5 6 7 8 9 |  9.8
Necromancy     | 1 2 3 4 5 6 7 8 9 |  9.8
Translocations | 1 2 3 4 5 6 7 8 9 |  9.8
Transmutations | 1 2 3 4 5 6 7 8 9 |  9.8
Fire Magic     | 1 2 3 4 5 6 7 8 9 |  9.8
Ice Magic      | 1 2 3 4 5 6 7 8 9 |  9.8
Air Magic      | 1 2 3 4 5 6 7 8 9 |  9.8
Earth Magic    | 1 2 3 4 5 6 7 8 9 |  9.8
Poison Magic   | 1 2 3 4 5 6 7 8 9 |  9.8
Axes           | 5 6 7 8 9 10 11 12 | 12.4
Fighting       | 7 8 9 10 11 12 13 | 13.2
Armour         | 7 8 9 10 11 12 13 | 13.2
Shields        | 7 8 9 10 11 12 13 | 13.2

Action                   |  1- 3 |  4- 6 |  7- 9 | 10-12 | 13-15 | 16-18 || total
-------------------------+-------+-------+-------+-------+-------+-------++-------
Melee: War axe           |   101 |       |       |       |       |       ||   101
       Double sword      |     7 |    48 |   142 |   493 |  1204 |   426 ||  2320
       Bite              |     5 |     2 |    12 |    59 |   143 |    63 ||   284
Throw: Javelin           |       |       |       |     1 |       |       ||     1
       Throwing net      |       |       |       |       |       |     1 ||     1
 Cast: Animate Armour    |       |       |       |       |    83 |    37 ||   120
       Call Canine Famil |       |       |       |       |    15 |    22 ||    37
       Summon Guardian G |       |       |       |       |    14 |    20 ||    34
       Summon Hydra      |       |       |       |       |     4 |       ||     4
       Swiftness         |       |       |       |       |     1 |       ||     1
Invok: Curse Item        |     2 |     1 |     1 |     2 |     3 |     3 ||    12
       Shatter the Chain |       |       |       |       |     2 |       ||     2
  Use: Scroll            |     1 |       |     1 |     3 |     3 |       ||     8
       Potion            |       |       |       |     1 |     2 |     2 ||     5
 Stab: Sleeping          |       |     2 |     8 |    11 |    23 |    27 ||    71
       Distracted        |       |       |       |     1 |     7 |    10 ||    18
Armor: Scale mail        |    10 |       |       |       |       |       ||    10
       Troll leather arm |    22 |    11 |    23 |    77 |    25 |       ||   158
       Ring mail         |       |       |       |       |   167 |    50 ||   217
Dodge: Dodged            |    54 |    51 |   121 |   455 |   961 |   252 ||  1894
Block: Buckler           |    32 |    10 |    64 |   357 |   835 |       ||  1298
       Reflection        |       |       |       |     6 |     8 |       ||    14
       Tower shield      |       |       |       |       |     9 |   440 ||   449

Table legend: (Time is in decaauts)
 A = Elapsed time spent in this place.
 B = Non-inter-level travel time spent in this place.
 C = Inter-level travel time spent in this place.
 D = Time resting spent in this place.
 E = Time spent auto-exploring this place.
 F = Levels seen in this place.
 G = Mean time per level.
                   A        B        C        D        E       F      G
               +--------+--------+--------+--------+--------+-----+--------+
         Total |  26913 |  25878 |   1035 |   3039 |  16050 |  25 | 1076.5 |
       Dungeon |  10994 |  10515 |    479 |    721 |   7304 |  11 |  999.5 |
          Lair |   6539 |   6198 |    341 |    233 |   4438 |   6 | 1089.8 |
     Snake Pit |   4449 |   4333 |    116 |    546 |   2397 |   4 | 1112.2 |
  Orcish Mines |   3253 |   3155 |     98 |    665 |   1554 |   2 | 1626.5 |
       Ossuary |    202 |    202 |      0 |      0 |    101 |   1 |  202.0 |
      Ice Cave |   1474 |   1474 |      0 |    874 |    254 |   1 | 1474.0 |
               +--------+--------+--------+--------+--------+-----+--------+

Top non-repeatable levels by time:
   Orc:2: 2289 daAuts
    D:11: 1639 daAuts
 Snake:3: 1629 daAuts
  Lair:6: 1480 daAuts
   IceCv: 1474 daAuts
     D:4: 1356 daAuts
     D:9: 1292 daAuts
  Lair:3: 1259 daAuts
     D:1: 1254 daAuts
  Lair:2: 1155 daAuts
 Snake:1: 1143 daAuts
  Lair:5: 1102 daAuts
     D:8: 1003 daAuts
   Orc:1: 963 daAuts
 Snake:4: 952 daAuts
